 Dungeon Crawl Stone Soup version 0.28.0 (webtiles) character file.

Game seed: 2167161048490154570

2 AmazingTV the Sneak (level 1, -4/10 HPs)
             Began as a Spriggan Brigand on June 30, 2022.
             Slain by a gnoll (12 damage)
             ... on level 1 of the Dungeon.
             The game lasted 00:00:42 (66 turns).

AmazingTV the Sneak (Spriggan Brigand)                Turns: 66, Time: 00:00:43

Health: -4/10      AC:  3    Str:  7    XL:     1   Next: 33%
Magic:  2/2        EV: 16    Int: 12    God:
Gold:   8          SH:  0    Dex: 16    Spells: 0/0 levels left

rFire   . . .      SeeInvis +   a - +2 dagger {short}
rCold   . . .      Faith    .   (no shield)
rNeg    . . .      Spirit   .   b - +0 robe
rPois   .          Reflect  .   (helmet restricted)
rElec   .          Harm     .   c - +0 cloak
rCorr   .          Rampage  .   (gloves unavailable)
Will    .....                   (boots unavailable)
Stlth   +++.......              (no amulet)
HPRegen 0.03/turn               (no ring)
MPRegen 0.08/turn               (no ring)

@: very quick
A: very small, no large weapons, unfitting armour, see invisible, speed 3
a: no special abilities


You were on level 1 of the Dungeon.
You visited 1 branch of the dungeon, and saw 1 of its levels.

You collected 8 gold pieces.


Innate Abilities, Weirdness & Mutations

You are very small and have problems with some larger weapons.
You are too small for most types of armour.
You have supernaturally acute eyesight. (SInv)
You cover ground extremely quickly. (Speed+++)


   Skills:
 + Level 1.6 Fighting
 + Level 2.2 Short Blades
 + Level 0.2(1.4) Slings
 + Level 2.0 Throwing
 + Level 1.4 Dodging
 + Level 5.9 Stealth


You couldn't memorise any spells.
You didn't know any spells.
Your spell library was empty.

Inventory:

Hand Weapons
 a - a +2 dagger (weapon) {short}
Missiles
 d - 6 poisoned darts (quivered)
 e - 2 curare-tipped darts {=f}
Armour
 b - a +0 robe (worn)
 c - a +0 cloak (worn)
Scrolls
 f - a scroll of enchant weapon {unknown}
 g - a scroll of teleportation {unknown}

Dungeon Overview and Level Annotations

Branches:
Dungeon (1/15)

Altars:

Shops:
D:1

? #+ #..# ### #.##
##.######.. ..(.
...)...##.# #..#
.......##.# #..#
.......##.# #..#
.......##.# #..#
..........#####.g#
..∩.†..##.......@#
...........#####.#
..#....##..# #.#
.###.......# ##.##
#.#.#####.#####...#
#≈### #.......#.#
♣## #######...# #
##.## # .#


You could see a gnoll (poisoned).


Message History

🤖 Initializing magus.rc ...
Options error: Delay interrupt name "hungry" not recognised. (~/.crawlrc:4771) Options error: Bad monster_list_colour key: strict_neutral (~/.crawlrc:4786) ✅ Successfully initialized magus.rc [v1.9.6] Welcome, AmazingTV the Spriggan Brigand.
Everyone else who sought the Orb of Zot has failed.
Will you be different?
Press ? for a list of commands and other information.
Found a scroll labelled BIUFEY XOSUKHAZ and a scroll labelled RUMEETRO VACS.
Found a staircase leading out of the dungeon.
f - a scroll labelled BIUFEY XOSUKHAZ
g - a scroll labelled RUMEETRO VACS You open the door.
There is an open door here.
You now have 8 gold pieces.
A hobgoblin comes into view.
Found Guunoargh's Magic Scroll Boutique.
You enter the shallow water.
Moving in this stuff is going to be slow.
The hobgoblin shouts!
A quokka comes into view.
The hobgoblin misses you.
You hit the hobgoblin. The hobgoblin closely misses you.
You hit the hobgoblin.
You kill the hobgoblin!
There is an entrance to Guunoargh's Magic Scroll Boutique here.
You hit the quokka. The quokka barely misses you.
You hit the quokka.
You kill the quokka!
No target in view!
There is an entrance to Guunoargh's Magic Scroll Boutique here.
A gnoll comes into view. It is wielding a +0 flail.
The gnoll barely misses you.
You hit the gnoll.
The gnoll hits you with a +0 flail. 😕 HP[-2]
You take 2 damage, and now have 8/10 hp.
You barely miss the gnoll. The gnoll closely misses you.
You hit the gnoll but do no damage. The gnoll barely misses you.
You throw a poisoned dart.
The poisoned dart barely misses the gnoll.
The gnoll closely misses you.
You throw a poisoned dart. The poisoned dart hits the gnoll.
The gnoll is poisoned.
The gnoll barely misses you.
You hit the gnoll. You hit the gnoll. The gnoll closely misses you.
You hit the gnoll but do no damage. The gnoll barely misses you.
You hit the gnoll but do no damage. The gnoll hits you with a +0 flail!
Ouch! That really hurt!
You die...

Action                   || total
-------------------------++-------
Melee: Dagger            ||    11
Throw: Dart              ||     2
Dodge: Dodged            ||    10

Levels and vault maps discovered:
D:1:      saegor_arrival_under_anarchy, layout_loops_ring, serial_shops,
          nicolae_shop_behind_doors, shop, nicolae_square_shop,
          nicolae_shop_behind_doors, shop_statue,
          chequers_ecumenical_altar_simple, hangedman_glass_teeth

Notes
Turn   | Place    | Note
-------+----------+-------------------------------------------
     0 | D:1      | AmazingTV the Spriggan Brigand began the quest for the Orb.
     0 | D:1      | Reached XP level 1. HP: 10/10 MP: 2/2
     0 | D:1      | magus.rc [v1.9.6]
    17 | D:1      | Found Guunoargh's Magic Scroll Boutique.
    66 | D:1      | Slain by a gnoll

Vanquished Creatures
  A hobgoblin (D:1)
  A quokka (D:1)
2 creatures vanquished.

Table legend:
 A = Non-vault XP
 B = Vault XP
 C = Vault XP percentage of total XP
 D = Non-vault monster count
 E = Vault monster count
 F = Vault count percentage of total count
                 A         B        C        D         E       F
            +---------+---------+-------+---------+---------+-------
      Total |       4 |       0 |   0.0 |       2 |       0 |   0.0
            +---------+---------+-------+---------+---------+-------
        D:1 |       4 |       0 |   0.0 |       2 |       0 |   0.0
            +---------+---------+-------+---------+---------+-------

Illustrated notes

Table legend:
 A = Kills in this place as a percentage of kills in entire the game.
 B = Kills by you in this place as a percentage of kills by you in the entire game.
 C = Kills by friends in this place as a percentage of kills by friends in the entire game.
 D = Other kills in this place as a percentage of other kills in the entire game.
 E = Experience gained in this place as a percentage of experience gained in the entire game.
 F = Experience gained in this place divided by the number of levels of this place that you have seen.
                   A       B       C       D       E      F
               +-------+-------+-------+-------+-------+----------------------
         Total | 100.0 | 100.0 |   N/A |   N/A | 100.0 |   4.0
       Dungeon | 100.0 | 100.0 |   N/A |   N/A | 100.0 |   4.0
               +-------+-------+-------+-------+-------+----------------------

Table legend: (Time is in decaauts)
 A = Elapsed time spent in this place.
 B = Non-inter-level travel time spent in this place.
 C = Inter-level travel time spent in this place.
 D = Time resting spent in this place.
 E = Time spent auto-exploring this place.
 F = Levels seen in this place.
 G = Mean time per level.
                   A        B        C        D        E       F      G
               +--------+--------+--------+--------+--------+-----+--------+
         Total |     45 |     45 |      0 |      0 |     24 |   1 |   45.0 |
       Dungeon |     45 |     45 |      0 |      0 |     24 |   1 |   45.0 |
               +--------+--------+--------+--------+--------+-----+--------+

Top non-repeatable levels by time:
     D:1: 45 daAuts
